 Dungeon Crawl Stone Soup version 0.28.0-49-g6dfe1f597d (webtiles) character file.

Game seed: 5453965950106102595

193 Exodus22XD the Covered (level 5, 47/47 HPs)
             Began as a Minotaur Fighter on May 14, 2022.
             Was a Follower of Vehumet.
             Quit the game on level 3 of the Dungeon.
             The game lasted 00:01:27 (2216 turns).

Exodus22XD the Covered (Minotaur Fighter)           Turns: 2216, Time: 00:01:28

Health: 47/47      AC:  8    Str: 22    XL:     5   Next: 43%
Magic:  4/4        EV:  9    Int:  5    God:    Vehumet [*.....]
Gold:   65         SH:  4    Dex: 10    Spells: 4/4 levels left

rFire   . . .      SeeInvis .   a - +0 war axe
rCold   . . .      Faith    .   c - +0 buckler
rNeg    . . .      Spirit   .   b - +0 scale mail
rPois   .          Reflect  .   (helmet restricted)
rElec   .          Harm     .   (no cloak)
rCorr   .          Rampage  .   e - +0 pair of gloves
Will    .....                   (no boots)
Stlth   ..........              (no amulet)
HPRegen 0.15/turn               (no ring)
MPRegen 0.09/turn               (no ring)

@: no status effects
A: horns 2, retaliatory headbutt
a: Renounce Religion


You were on level 3 of the Dungeon.
You worshipped Vehumet.
Vehumet was aware of your devotion.
You visited 1 branch of the dungeon, and saw 3 of its levels.

You collected 65 gold pieces.

Inventory:

Hand Weapons
 a - a +0 war axe (weapon)
Armour
 b - a +0 scale mail (worn)
 c - a +0 buckler (worn)
 e - a +0 pair of gloves (worn)
Scrolls
 f - 2 scrolls of teleportation {unknown}
 g - a scroll of fear {unknown}
 h - a scroll of immolation {unknown}
Potions
 d - a potion of might
 i - a potion of cancellation {unknown}
 j - a potion of mutation {unknown}
 k - 2 potions of attraction {unknown}


   Skills:
 + Level 4.5 Fighting
 + Level 4.8 Axes
 + Level 4.9 Armour
 + Level 4.3 Shields


You had 4 spell levels left.
You didn't know any spells.
Your spell library was empty.

Dungeon Overview and Level Annotations

Branches:
Dungeon (3/15)

Altars:
Vehumet


Innate Abilities, Weirdness & Mutations

You have a pair of horns on your head.
You reflexively headbutt those who attack you in melee.


Message History

The kobold closely misses you.
A kobold is nearby!
You hit the kobold. You headbutt the kobold.
You kill the kobold!
Things that are here:
a +0 dagger; a stone; a kobold corpse No target in view!
Things that are here:
a +0 dagger; a stone; a kobold corpse As you open the door, it creaks loudly!
Found a gnoll skeleton.
No target in view!
Found 32 sling bullets.
No target in view!
Found a gnoll skeleton.
There is an open door here.
No target in view!
As you open the door, it creaks loudly!
Found a faded altar of an unknown god.
No target in view!
Key pressed, stopping explore.
No target in view!
There is an open door here.
There is an open door here.
There is an open door here.
A bat comes into view.
The bat hits you but does no damage. The bat barely misses you.
The bat hits you but does no damage.
You hit the bat.
You kill the bat!
Search for what [? for help]? god
There is an open door here.
There is an open door here.
There is a faded altar of an unknown god here.
You cannot tell which god this altar belongs to.
Convert to them anyway?
Vehumet accepts your prayer! Vehumet welcomes you!
You can now gain magical power from killing.
Vehumet offers you knowledge of Freeze.
Are you sure you want to abandon this character and quit the game? (Confirm with "yes".)

.....#
#...........######
.....#
#...........#
.....#
#...........#
.....####
#...♣♣♣♣♣♣..#
........#
##..♣♣PP♣÷♣..#
.....##.#
##..♣♣P.#####.#
##..>.(.#
#..♣♣♣PP#...#.#
#|####.#
#.♣♣♣PPP#...♣.#
#.#....#
#.♣@....'.8.'.#
#.#..######
#.♣♣P.PP#..(♣.#
#.........#
#.)♣♣♣.P#...#.#
#.##.####:#
##..♣♣♣P#####.#
####.#
#.#####..♣♣.P♣÷♣..#
#.#
#.........♣♣♣♣♣♣..#
#.#
####.##...........#
#.#
#.###..........#
#.. #.#
############


There were no monsters in sight!

Vanquished Creatures
  A kobold brigand (D:3)
  7 adders
  2 worms (D:2)
  2 dart slugs
  2 endoplasms
  2 giant cockroaches
  6 goblins
  3 hobgoblins
  3 jackals (D:1)
  4 quokkas
  5 ball pythons
  5 bats
  A frilled lizard (D:2)
  2 kobolds
  2 rats (D:1)
47 creatures vanquished.

Notes
Turn   | Place    | Note
-------+----------+-------------------------------------------
     0 | D:1      | Exodus22XD the Minotaur Fighter began the quest for the
                  | Orb.
     0 | D:1      | Reached XP level 1. HP: 19/19 MP: 0/0
   405 | D:1      | You fall into a shaft and drop 1 floor!
   413 | D:2      | Reached XP level 2. HP: 2/27 MP: 1/1
   414 | D:2      | HP: 1/27 [poisoned by an adder]
  1119 | D:1      | Reached XP level 3. HP: 30/33 MP: 2/2
  1504 | D:2      | Reached XP level 4. HP: 40/40 MP: 3/3
  1672 | D:3      | Noticed a kobold brigand
  1684 | D:3      | Killed a kobold brigand
  1685 | D:3      | Reached XP level 5. HP: 11/47 MP: 4/4
  2130 | D:3      | Found a faded altar of an unknown god.
  2215 | D:3      | Prayed at the altar of an unknown god.
  2215 | D:3      | Became a worshipper of Vehumet
  2215 | D:3      | Reached * piety under Vehumet
  2215 | D:3      | Offered knowledge of Freeze by Vehumet.
  2216 | D:3      | Quit the game

Illustrated notes

Levels and vault maps discovered:
D:1:      dpeg_arrival_fog, layout_loops_cross
D:2:      layout_basic
D:3:      layout_basic, dilly_ecumenical_altar_fadedgnrine

Skill      XL: |  1  2  3  4 |
---------------+-------------+-----
Armour         | 4 |  4.9
Fighting       | 4 |  4.5
Shields        | 4 |  4.3
Axes           | 3 4 |  4.8

Action                   |  1- 3 |  4- 6 || total
-------------------------+-------+-------++-------
Melee: War axe           |    63 |    29 ||    92
       Headbutt          |     6 |     3 ||     9
  Use: Potion            |     1 |     1 ||     2
Armor: Scale mail        |    32 |     8 ||    40
Dodge: Dodged            |    29 |    13 ||    42
Block: Buckler           |    12 |     8 ||    20
